 Dungeon Crawl Stone Soup version 0.26.0-45-g9c1d065592 (webtiles) character file.

Game seed: 1444105780262500311

94 tabtabtabtab the Ducker (level 4, 0/21 HPs)
             Began as a Felid Berserker on Jan 28, 2021.
             Was a Believer of Trog.
             Slain by an adder (5 damage)
             ... on level 4 of the Dungeon.
             The game lasted 00:05:24 (3501 turns).

tabtabtabtab the Ducker (Felid Berserker)           Turns: 3501, Time: 00:05:25

Health: 0/21       AC:  1    Str: 14    XL:     4   Next: 38%
Magic:  5/5        EV: 20    Int: 14    God:    Trog [**....]
Gold:   165        SH:  5    Dex: 16    Spells: 3/3 levels left
                                        Lives:  0   Deaths: 1

rFire    . . .     SeeInvis +     - Unarmed
rCold    + . .     Faith    .   (shield unavailable)
rNeg     . . .     Spirit   .   (armour unavailable)
rPois    .         Reflect  +   (helmet unavailable)
rElec    .         Harm     .   (cloak unavailable)
rCorr    .         Rampage  .   (gloves unavailable)
Will     ++...                  (boots unavailable)
Stlth    +++.......             m - amulet of reflection
HPRegen  1.07/turn              a - ring of protection from cold
MPRegen  0.09/turn              i - +6 ring of intelligence

@: regenerating, quick
A: very small, no armour, no weapons or thrown items, stealth, claws 1, fangs 3,
see invisible, speed 1, shaggy fur 1, sharp paws
a: Renounce Religion, Berserk, Trog's Hand


You were on level 4 of the Dungeon.
You worshipped Trog.
Trog was pleased with you.
You visited 1 branch of the dungeon, and saw 4 of its levels.

You collected 165 gold pieces.

Inventory:

Jewellery
 a - a ring of protection from cold (left paw)
 i - a +6 ring of intelligence (right paw)
 m - an amulet of reflection (around neck)
Wands
 j - a wand of digging (7)
Scrolls
 c - a scroll of remove curse
 d - 4 scrolls of identify
 e - a scroll of magic mapping {unknown}
 f - a scroll of fog {unknown}
 g - a scroll of fear {unknown}
 o - a scroll of blinking {unknown}
 r - a scroll of teleportation {unknown}
 s - a scroll of enchant weapon {unknown}
Potions
 b - a potion of mutation {unknown}
 h - a potion of attraction {unknown}
 k - a potion of heal wounds {unknown}
 l - a potion of might
 n - a potion of curing {unknown}
 p - a potion of flight {unknown}
 q - a potion of berserk rage {unknown}


   Skills:
 - Level 3.0 Fighting
 + Level 5.2 Dodging
 + Level 3.5 Stealth
 * Level 4.8 Unarmed Combat


You had 3 spell levels left.
You didn't know any spells.
Your spell library was empty.

Dungeon Overview and Level Annotations

Branches:
Dungeon (4/15)
 Temple: D:4-7

Altars:
Dithmenos
Hepliaklqana
Trog

Portals:
Sewer: D:4


Innate Abilities, Weirdness & Mutations

You cannot wear armour.
You are incapable of wielding weapons or throwing items.
Your paws allow you to move quietly. (Stealth)
You have sharp claws.
You have razor-sharp teeth.
You have supernaturally acute eyesight. (SInv)
You cover ground quickly.
You are covered in fur. (AC +1)
Your sharp claws are effective at attacking unaware monsters.


Message History

Found a robe.
The adder bites you.
* * * LOW HITPOINT WARNING * * *
Your skin crawls.
You feel strong-willed. You block the adder's attack.
You scratch the adder.
The adder is heavily wounded.
The adder closely misses you.
You barely miss the adder.
The adder is heavily wounded.
The adder bites you.
* * * LOW HITPOINT WARNING * * *
You miss the adder.
The adder is heavily wounded.
You block the adder's attack. The adder closely misses you.
You barely miss the adder.
The adder is heavily wounded.
The adder bites you.
You die...

### #..
##############+#.#
.........S@......#
###....####.....#
##.....# #.....#
#......# #.....##
#......# #......+
.##.....####....###...
..[....................
.######........#.##..##
#.##.......# ..


You could see an adder.

Vanquished Creatures
  Natasha (D:3)
  An orc wizard (D:3)
  A worker ant (D:4)
  3 adders (D:3)
  An ooze (D:4)
  An adder skeleton (D:4)
  A worm (D:4)
  3 dart slugs (D:3)
  6 leopard geckos
  3 orcs (D:3)
  5 giant cockroaches
  7 goblins
  4 hobgoblins
  4 jackals (D:2)
  4 kobolds
  A quokka (D:2)
  5 bats
  2 frilled lizards (D:3)
  5 rats
58 creatures vanquished.

Notes
Turn   | Place    | Note
-------+----------+-------------------------------------------
     0 | D:1      | tabtabtabtab the Felid Berserker began the quest for the
                  | Orb.
     0 | D:1      | Reached XP level 1. HP: 10/10 MP: 2/2
    84 | D:1      | Reached skill level 1 in Stealth
   232 | D:1      | Reached XP level 2. HP: 14/14 MP: 3/3
  1943 | D:2      | Reached XP level 3. HP: 15/17 MP: 4/4
  2378 | D:3      | Reached ** piety under Trog
  2723 | D:3      | Reached XP level 4. HP: 21/21 MP: 5/5
  2799 | D:3      | Found a hazy altar of Hepliaklqana.
  2808 | D:3      | Found a bloodstained altar of Trog.
  2810 | D:3      | Found a shadowy altar of Dithmenos.
  2884 | D:3      | Noticed Natasha
  2892 | D:3      | Killed Natasha
  2978 | D:3      | Reached skill level 5 in Dodging
  3106 | D:3      | Reached XP level 5. HP: 24/24 MP: 6/6
  3459 | D:4      | Killed from afar by an orc priest
  3460 | D:4      | Reached XP level 4. HP: 0/21 MP: 5/5
  3473 | D:4      | Found a glowing drain.
  3501 | D:4      | Slain by an adder

Illustrated notes

Levels and vault maps discovered:
D:1:      shiori_arrival_maze, layout_basic, minmay_surrounded
D:2:      cheibrodos_old_hovel, layout_basic
D:3:      layout_basic, minitemple, uniq_natasha
D:4:      layout_basic, demons_altar, cheibrodos_sewer_entry_drain,
          vehumet_altar_wand_db

Skill      XL: |  1  2  3  4 |
---------------+-------------+-----
Stealth        | 1 2 3 |  3.5
Unarmed Combat | 4 |  4.8
Dodging        | 5 |  5.2
Fighting       | |  3.0

Action                   |  1- 3 |  4- 6 || total
-------------------------+-------+-------++-------
Melee: Unarmed           |    89 |    48 ||   137
       Bite              |    11 |     4 ||    15
       Punch             |     1 |       ||     1
Invok: Berserk           |     4 |     3 ||     7
       Trog's Hand       |       |     1 ||     1
  Use: Scroll            |       |     2 ||     2
 Stab: Sleeping          |     4 |     4 ||     8
Armor: Skin              |     2 |       ||     2
Dodge: Dodged            |    60 |    24 ||    84
Block: Other             |     7 |    10 ||    17
